 Dungeon Crawl Stone Soup version 0.17-a0-1534-gf98da79 (webtiles) character file.

392897 namelastname112 the Scorcher (level 22, -2/168 HPs)
             Began as a Green Draconian Fire Elementalist on July 17, 2015.
             Was the Champion of Vehumet.
             Slain by an azure jelly (7 damage)
             ... on level 3 of the Pits of Slime.
             The game lasted 04:43:33 (78290 turns).

namelastname112 the Scorcher (DrFE)                Turns: 78290, Time: 04:43:36

Health: -2/168     AC:  7    Str: 13    XL:     22   Next: 41%
Magic:  25/60      EV: 18    Int: 24    God:    Vehumet [******]
Gold:   4524       SH:  9    Dex: 20    Spells: 9 memorised, 8 levels left

rFire  + + .     SeeInvis .     x - staff of power
rCold  . . .     Rnd*Rage +     (armour unavailable)
rNeg   . . .     SustAt   .     s - +2 buckler
rPois  +         Gourm    .     N - +2 hat
rElec  .         Spirit   .     d - +1 cloak {+Inv}
rCorr  +         Warding  .     y - +2 pair of gloves of Ojiefooc {MR+}
rMut   .         Stasis   .     P - +0 pair of boots {Stlth+}
MR     +++..                    a - amulet of resist corrosion
Stlth  +++.......               n - ring of wizardry
                                U - ring "Ryetim" {rF+ MR+ Dex+7}

@: corroded equipment, slowed, deflect missiles, very slow, extremely resistant
to hostile enchantments, fairly stealthy
A: breathe noxious fumes, unfitting armour, claws 1, horns 1, stinger 1, agile
1, berserk 1, blurry vision 1, fire resistance 1, mutation resistance 1, poison
resistance, slow healing 1, cold-blooded, AC +11
a: Breathe Noxious Fumes, Renounce Religion, Evoke Invisibility
}: 1/15 runes: serpentine


You were on level 3 of the Pits of Slime.
You worshipped Vehumet.
Vehumet was exalted by your worship.
You were not hungry.

You visited 8 branches of the dungeon, and saw 43 of its levels.
You visited 2 bazaars.
You also visited: Labyrinth, Bailey and Ice Cave.

You collected 5778 gold pieces.
You spent 1254 gold pieces at shops.

Inventory:

Hand weapons
 l - the +11 short sword of Order {elec, MR+ Dex+5}
   (You took it off a minotaur in a labyrinth)

   Occasionally, upon striking a foe, it will discharge some electrical energy
   and cause terrible harm.
   It affects your dexterity (+5).
   It affects your resistance to hostile enchantments.
 Y - the +8 whip "Snakebite" {curare, rPois}
   (You found it on level 3 of the Snake Pit)

   It poisons the flesh of those it strikes.
   It protects you from poison.
Armour
 d - a +1 cloak of invisibility (worn)
 s - a +2 buckler (worn)
 y - the +2 pair of gloves of Ojiefooc (worn) {MR+}
   (You found it on level 8 of the Lair of Beasts)

   It affects your resistance to hostile enchantments.
 E - the +1 pair of gloves of Jigsaw {rC+}
   (You found it on level 3 of the Snake Pit)

   It protects you from cold.
 N - a +2 hat (worn)
 P - a +0 pair of boots of stealth (worn)
Magical staves
 j - an uncursed staff of air
 x - an uncursed staff of power (weapon)
 M - an uncursed staff of conjuration
Rods
 r - a +1 rod of shadows (11/11)
   (You took it off an orc wizard on level 12 of the Dungeon)
Jewellery
 a - an amulet of resist corrosion (around neck)
 c - an uncursed ring of protection from cold
 n - a ring of wizardry (right hand)
 O - the amulet of Vitality {Regen+ HP+15}
   (You bought it in a shop in a bazaar)

   [amulet of regeneration]

   It affects your health (+15).
   It increases your rate of regeneration.
 U - the ring "Ryetim" (left hand) {rF+ MR+ Dex+7}
   (You found it in a labyrinth)

   [ring of protection from magic]

   It affects your dexterity (+7).
   It protects you from fire.
   It affects your resistance to hostile enchantments.
 V - an uncursed ring of teleportation
 X - an uncursed ring of flight
Magical devices
 g - a wand of hasting (3)
 o - a wand of disintegration (3)
 t - a wand of draining (11)
 Q - a wand of heal wounds (5)
Scrolls
 f - 11 scrolls of teleportation
 p - 13 scrolls of identify
 v - 17 scrolls of remove curse
 w - 7 scrolls of enchant armour
 C - 5 scrolls of recharging
 F - 3 scrolls of blinking
 K - 2 scrolls of magic mapping
 R - 4 scrolls of fog
 W - 5 scrolls of summoning
Potions
 e - 6 potions of might
 h - 3 potions of heal wounds
 i - 16 potions of curing
 k - 3 potions of magic
 m - 5 potions of ambrosia
 q - a potion of brilliance
 A - 4 potions of invisibility
 D - a potion of cancellation
 G - 2 potions of haste
 J - 2 potions of resistance
 T - 3 potions of agility
 Z - 2 potions of berserk rage
Books
 I - a book of Party Tricks

   Spells                             Type                      Level
   a - Summon Butterflies             Summoning                    1
   b - Apportation                    Translocation                1
   c - Tukima's Dance                 Hexes                        3
   d - Alistair's Intoxication        Transmutation/Poison         4
   e - Invisibility                   Hexes                        6
Miscellaneous
 z - a phial of floods
Comestibles
 b - 10 bread rations
 L - 12 fruits


   Skills:
 - Level 8.0 Fighting
 - Level 7.1 Dodging
 - Level 1.7 Stealth
 - Level 9.2 Shields
 * Level 19.9 Spellcasting
 + Level 17.7 Conjurations
 - Level 8.9 Charms
 + Level 20.0 Fire Magic
 - Level 11.5 Poison Magic
 - Level 10.1 Evocations


You had 8 spell levels left.
You knew the following spells:

 Your Spells              Type           Power        Failure   Level  Hunger
a - Orb of Destruction    Conj           #######...   1%          7    #####..
b - Ring of Flames        Chrm/Fire      #######...   2%          7    #####..
c - Ignite Poison         Fire/Trmt/Pois ######..     1%          3    None
d - Fire Storm            Conj/Fire      #######...   12%         9    #######
e - Poisonous Cloud       Conj/Pois/Air  ######....   1%          6    ###....
f - Bolt of Magma         Conj/Fire/Erth ######....   1%          5    None
g - Deflect Missiles      Chrm/Air       #####.....   28%         6    ###....
v - Fireball              Conj/Fire      #######...   1%          5    None
x - Sticky Flame          Conj/Fire      #######.     0%          4    None


Dungeon Overview and Level Annotations

Branches:
Dungeon (15/15)            Temple (1/1) D:7            Lair (8/8) D:9
  Swamp (0/4) Lair:6        Snake (4/4) Lair:3        Slime (4/6) Lair:8
    Orc (4/4) D:11            Elf (3/3) Orc:3        Vaults (4/5) D:14
  Crypt (0/3) Vaults:3     Depths (0/5) D:15

Altars:
Ashenzari
Cheibriados
Dithmenos
Elyvilon
Gozag
Kikubaaqudgha
Makhleb
Nemelex Xobeh
Okawaru
Qazlal
Ru
Sif Muna
Vehumet
Xom
Zin
The Shining One
Beogh
Jiyva

Shops:
D:7 ?   D:12 %[!   Orc:1 }   Orc:3 *   Orc:4 [}:*   Elf:1 (   Vaults:1 [
Vaults:3 [

Portals:
Trove: Vaults:3 (give 7 potions of haste)

Annotations:
Elf:2 3 runed doors
Vaults:2 emiel's ghost, mighty OgBe


Innate Abilities, Weirdness & Mutations

You can breathe blasts of noxious fumes.
Your lurid green scales are hard (AC +11).
Your body does not fit into most forms of armour.
Your tail ends in a poisonous barb.
Your system is resistant to poisons.
You are cold-blooded and may be slowed by cold attacks.
You have sharp fingernails.
You have a pair of small horns on your head.
You are agile. (Dex +2)
You tend to lose your temper in combat.
Scrolls take you a little longer to read.
Your flesh is heat resistant.
You are somewhat resistant to further mutation.
You heal slowly when monsters are visible.


Message History

The azure jelly barely misses you.
The azure jelly hits you but does no damage.
Casting: Bolt of Magma
Confirm with . or Enter, or press ? or * to list all spells.
Aiming: Bolt of Magma
Press: ? - help, Shift-Dir - straight line, f/p - azure jelly
Aim: an azure jelly (heavily wounded)
The bolt of magma hits the azure jelly.
The azure jelly is burned terribly!
The azure jelly is almost dead.
The azure jelly misses you. The azure jelly hits you.
The azure jelly freezes you!!!
* * * LOW HITPOINT WARNING * * *
The azure jelly hits you.
* * * LOW HITPOINT WARNING * * *
The azure jelly barely misses you. The azure jelly hits you.
* * * LOW HITPOINT WARNING * * *
The azure jelly freezes you!!
You feel yourself slow down.
* * * LOW HITPOINT WARNING * * *
The azure jelly completely misses you. The azure jelly hits you!
You die...

...##.##.........#.
..................J
...................
#..................
##.................
#.............#.... .
##..........#.##.....
###.....JJ..........
###..#.@.#.##...>.
#.........#.....
##...........#..
###....<.....#
................
#..........#.....
#...........#.#..
...###......# # . #.#
#...#.##


You could see an azure jelly and a jelly.

Vanquished Creatures
  Boris (Vaults:2)
  Norris (Vaults:2)
  Vashnia (Snake:4)
  The ghost of Raurakos the Severer, a mighty HOGl of Ru (Vaults:4)
  Jorgrun (Snake:3)
  Rupert (D:14)
  Asterion (Lair:3)
  4 deep elf master archers (Elf:3)
  2 deep elf blademasters (Elf:3)
  9 acid blobs
  Agnes (Snake:1)
  2 sphinxes (Vaults:4)
  A tengu reaver (Vaults:4)
  A fire giant (Vaults:4)
  10 greater nagas
  A revenant (Vaults:3)
  Wiglaf (Elf:3)
  2 frost giants
  Donald (Snake:4)
  Maud (Lair:3)
  11 deep elf sorcerers
  Aizul (Elf:3)
  Louise (Vaults:2)
  10 vault wardens
  A curse skull (Vaults:3)
  An orc warlord (Orc:2)
  4 ghouls
  9 ironheart preservers
  Nessos (D:13)
  6 deep elf demonologists (Elf:3)
  9 stone giants
  A salamander stormcaller (Vaults:4)
  14 deep elf annihilators
  An ettin (D:14)
  6 minotaurs
  2 vault guards (Vaults:4)
  8 deep elf death magi (Elf:3)
  3 fire dragons
  A crystal guardian (Vaults:3)
  8 yaktaur captains
  A death ooze (Slime:1)
  A fire dragon (shapeshifter) (Vaults:4)
  8 deep elf high priests
  3 great orbs of eyes (Slime:1)
  2 rakshasas
  17 naga warriors
  An ice dragon (Vaults:4)
  15 anacondas
  12 centaur warriors
  Erica (Lair:1)
  9 ogre magi
  12 hydras
  2 dancing weapons (Elf:2)
  8 death yaks
  4 deep troll earth magi
  A deep troll shaman (Vaults:2)
  A vampire mage (D:11)
  18 naga sharpshooters
  9 orc high priests
  10 shock serpents
  The ghost of George the Fighter, an experienced MiFi of Okawaru (D:8)
  5 hell knights (Vaults:2)
  A titan skeleton (Vaults:4)
  6 skeletal warriors (Vaults:2)
  2 fire crabs
  11 deep trolls
  2 salamander mystics
  8 ball lightnings (D:14)
  17 deep elf knights
  5 unseen horrors
  6 sea snakes
  13 ironbrand convokers
  4 shadow wraiths
  An iron troll (D:14)
  11 hill giants
  An ice statue (IceCv)
  10 deep elf summoners
  5 naga ritualists (Snake:4)
  A phantasmal warrior (Vaults:3)
  4 wizards
  9 necromancers
  19 orc knights
  4 giant orange brains
  10 griffons
  15 ugly things
  5 mana vipers
  A harpy (Vaults:3)
  18 deep elf conjurers
  A lindwurm (Lair:8)
  5 wolf spiders
  An oklob plant (Lair:3)
  6 salamanders
  3 shining eyes
  9 cyclopes
  2 shining eyes (shapeshifter)
  13 guardian serpents
  5 orc sorcerers
  8 elephants
  A hornet (Vaults:2)
  Maurice (D:8)
  A storm dragon simulacrum (Vaults:4)
  22 naga magi
  5 gargoyles
  2 eyes of devastation
  12 vault sentinels
  A yaktaur (shapeshifter) (D:14)
  An orange crystal statue (Elf:1)
  33 black mambas
  20 spiny frogs
  12 komodo dragons
  46 yaktaurs
  2 efreet (D:14)
  7 kobold demonologists
  6 fire drakes
  25 deep elf priests
  8 freezing wraiths
  A queen bee (D:10)
  4 jumping spiders (Vaults:4)
  2 tengu conjurers (D:15)
  A komodo dragon (shapeshifter) (D:15)
  8 wind drakes (D:14)
  16 polar bears
  7 trolls
  A giant leech (Lair:8)
  3 boulder beetles
  A two-headed ogre (shapeshifter) (Vaults:3)
  An ettin zombie (Vaults:4)
  49 slime creatures
  19 two-headed ogres
  33 blink frogs
  A blink frog (shapeshifter) (Vaults:2)
  A centaur simulacrum (D:15)
  A trapdoor spider (shapeshifter) (Elf:3)
  A snapping turtle (shapeshifter) (Vaults:2)
  2 trapdoor spiders (Lab)
  A fire giant simulacrum (Vaults:2)
  Sigmund (D:2)
  9 air elementals (D:14)
  14 redbacks
  A spriggan (Lair:2)
  6 basilisks
  A shadow (D:14)
  A yak (shapeshifter) (D:14)
  A tarantella (shapeshifter) (Elf:2)
  2 tarantellas
  40 deep elf magi
  4 wraiths
  7 vampires
  The ghost of namelastname112 the Ducker, an average DrFE (D:3)
  A golden eye (Slime:1)
  A wyvern (Lair:8)
  10 humans (Vaults:2)
  A soldier ant (shapeshifter) (Vaults:3)
  15 hippogriffs
  A golden eye (shapeshifter) (D:15)
  26 deep elf fighters
  12 wargs
  17 vampire mosquitoes
  63 nagas
  A wolf (shapeshifter) (Elf:3)
  A yaktaur simulacrum (Vaults:1)
  59 yaks
  15 insubstantial wisps (D:14)
  2 mottled dragons
  2 soldier ants
  Duvessa (D:5)
  20 water moccasins
  54 orc warriors
  22 wolves
  A sky beast (D:7)
  3 phantoms
  10 porcupines
  An eye of draining (D:11)
  A black bear (Lair:3)
  39 ogres
  5 necrophages
  13 centaurs
  An ettin simulacrum (Vaults:2)
  An eye of draining (shapeshifter) (Vaults:3)
  An orc skeleton (Vaults:2)
  16 crocodiles
  36 giant frogs
  7 big kobolds
  A brain worm (D:14)
  A gnoll sergeant (D:9)
  A wyvern zombie (D:13)
  Dowan (D:5)
  A scorpion (D:4)
  16 wights
  20 killer bees
  An orc simulacrum (Vaults:2)
  4 electric eels
  5 lava snakes (Snake:2)
  9 crimson imps
  8 hounds
  A giant frog zombie (D:6)
  3 giant frog skeletons
  17 jellies
  Crazy Yiuf (D:2)
  4 centaur zombies
  18 iguanas
  36 orc wizards
  45 orc priests
  4 hell rats (Lair:4)
  5 worker ants
  17 sheep
  A hound zombie (D:5)
  3 worker ant zombies
  18 adders
  77 river rats
  12 gnolls
  14 white imps
  5 shadow imps
  A giant eyeball (shapeshifter) (IceCv)
  3 adder skeletons
  An adder zombie (D:8)
  2 worms
  258 orcs
  6 giant cockroaches
  18 goblins
  12 hobgoblins
  13 jackals
  33 kobolds
  7 ball pythons
  23 bats
  4 giant geckos
  6 giant newts
  A jackal skeleton (D:5)
  2 quokkas (D:6)
  10 rats
  A bush (Lair:6)
  6 crawling corpses
  A fire vortex (Vaults:4)
  2 fungi
  11 plants
2199 creatures vanquished.

Vanquished Creatures (collateral kills)
  Margery (Vaults:2)
  Nikola (Elf:3)
  2 acid blobs (Slime:1)
  A greater naga (Snake:4)
  A deep elf annihilator (Elf:3)
  A naga warrior (Snake:4)
  2 hell knights (Vaults:2)
  An elephant (Lair:8)
  2 naga magi
  3 slime creatures
  An air elemental (D:14)
  A human (Vaults:2)
  A golden eye (Slime:1)
  A naga (Snake:4)
  A porcupine (Lair:7)
  A fungus (Lair:7)
21 creatures vanquished.

Vanquished Creatures (others)
  A naga sharpshooter (Snake:4)
  9 ball lightnings (D:14)
  A quokka (D:3)
  A bush (Lair:3)
  20 fire vortices
  43 fungi
  49 plants
124 creatures vanquished.

Grand Total: 2344 creatures vanquished

Notes
Turn   | Place    | Note
--------------------------------------------------------------
     0 | D:1      | namelastname112 the Draconian Fire Elementalist began the quest for the Orb.
     0 | D:1      | Reached XP level 1. HP: 14/14 MP: 3/3
   218 | D:1      | Reached XP level 2. HP: 20/22 MP: 0/5
   225 | D:1      | Reached skill level 1 in Fighting
   822 | D:2      | Noticed Crazy Yiuf
   837 | D:2      | Found a burning altar of Makhleb.
   838 | D:2      | Found a shimmering altar of Xom.
   953 | D:2      | Reached XP level 3. HP: 14/28 MP: 6/6
   965 | D:2      | Noticed Sigmund
  1525 | D:2      | Killed Sigmund
  1525 | D:2      | Reached XP level 4. HP: 29/37 MP: 0/9
  1525 | D:2      | Reached XP level 5. HP: 32/42 MP: 0/10
  1854 | D:2      | Killed Crazy Yiuf
  1854 | D:2      | Reached skill level 4 in Spellcasting
  1943 | D:3      | Noticed namelastname112's ghost (average DrFE)
  2419 | D:3      | Killed namelastname112's ghost
  2419 | D:3      | Reached XP level 6. HP: 30/51 MP: 10/13
  3331 | D:4      | Reached skill level 5 in Spellcasting
  3422 | D:4      | Your scales start taking on a lurid green colour.
  3422 | D:4      | Gained mutation: Your system is resistant to poisons. [Green Draconian growth]
  3422 | D:4      | Reached XP level 7. HP: 58/58 MP: 10/14
  3569 | D:4      | Found an iron altar of Okawaru.
  3963 | D:5      | Entered Level 5 of the Dungeon
  3999 | D:5      | Learned a level 3 spell: Conjure Flame
  4003 | D:5      | Learned a level 3 spell: Ignite Poison
  4111 | D:5      | Noticed Duvessa
  4114 | D:5      | Noticed Dowan
  4118 | D:5      | Killed Duvessa
  4118 | D:5      | Reached skill level 1 in Poison Magic
  4125 | D:5      | Killed Dowan
  4270 | D:5      | Reached XP level 8. HP: 53/66 MP: 16/16
  4582 | D:5      | Learned a level 4 spell: Sticky Flame
  4673 | D:6      | Reached skill level 5 in Fire Magic
  4856 | D:6      | Found a shadowy altar of Dithmenos.
  4856 | D:6      | Found an ancient bone altar of Kikubaaqudgha.
  4915 | D:6      | You fall through a shaft!
  4960 | D:7      | Gained mutation: You are occasionally teleported to nearby monsters. [mutagenic meat]
  4961 | D:7      | Gained mutation: You are weak. (Str -2) [mutagenic meat]
  5026 | D:7      | Reached skill level 6 in Spellcasting
  5321 | D:7      | Got a slimy falchion
  5322 | D:7      | Identified the +2 falchion of Yqout {holy, rElec rF- rC++ Str+4} (You found it on level 7 of the Dungeon)
  5331 | D:7      | Found Jiatea's Magic Scroll Emporium.
  5334 | D:7      | Bought a scroll of blinking for 105 gold pieces
  5348 | D:7      | Found a staircase to the Ecumenical Temple.
  5555 | Temple   | Entered the Ecumenical Temple
  5570 | Temple   | Became a worshipper of Vehumet
  5637 | D:7      | Found a sparkling altar of Nemelex Xobeh.
  6222 | D:6      | Reached XP level 9. HP: 71/71 MP: 13/18
  6729 | D:8      | Acquired Vehumet's first power
  6729 | D:8      | Offered knowledge of Freeze by Vehumet.
  7014 | D:8      | Learned a level 4 spell: Olgreb's Toxic Radiance
  7134 | D:8      | Noticed George's ghost (experienced MiFi)
  7159 | D:8      | Noticed Maurice
  7297 | D:9      | Found a staircase to the Lair.
  7346 | D:9      | Reached skill level 7 in Fire Magic
  7509 | D:9      | Reached skill level 5 in Poison Magic
  7551 | D:9      | Found a deep blue altar of Sif Muna.
  7578 | D:9      | Reached skill level 5 in Conjurations
  7774 | D:8      | Offered knowledge of Sting by Vehumet.
  8019 | D:8      | Killed Maurice
  8059 | D:8      | Reached skill level 8 in Fire Magic
  8402 | D:8      | Killed George's ghost
  8402 | D:8      | Reached XP level 10. HP: 37/78 MP: 15/20
  8773 | D:10     | Entered Level 10 of the Dungeon
  9133 | D:10     | Offered knowledge of Mephitic Cloud by Vehumet.
  9138 | D:10     | Learned a level 3 spell: Mephitic Cloud
  9208 | D:10     | Reached skill level 9 in Fire Magic
  9896 | D:10     | Acquired Vehumet's second power
 10356 | D:11     | Offered knowledge of Stone Arrow by Vehumet.
 10374 | D:11     | Found a frozen archway.
 10383 | IceCv    | Entered an ice cave
 10493 | IceCv    | Reached skill level 10 in Fire Magic
 10753 | IceCv    | Reached XP level 11. HP: 83/83 MP: 17/23
 10767 | IceCv    | Acquired Vehumet's third power
 11003 | IceCv    | Offered knowledge of Force Lance by Vehumet.
 11459 | IceCv    | Noticed a death yak
 11466 | IceCv    | Lost mutation: You are weak. (Str -2) [potion of cure mutation]
 11466 | IceCv    | Lost mutation: You are occasionally teleported to nearby monsters. [potion of cure mutation]
 11723 | IceCv    | Reached skill level 11 in Fire Magic
 11894 | IceCv    | Noticed an ice statue
 11901 | IceCv    | Killed an ice statue
 12172 | IceCv    | Killed a death yak
 12358 | IceCv    | Learned a level 6 spell: Poisonous Cloud
 12504 | IceCv    | Noticed a frost giant
 12524 | IceCv    | Offered knowledge of Venom Bolt by Vehumet.
 12573 | IceCv    | Killed a frost giant
 12573 | IceCv    | Reached XP level 12. HP: 37/91 MP: 13/25
 12935 | Lair:1   | Entered Level 1 of the Lair of Beasts
 12948 | Lair:1   | Reached skill level 12 in Fire Magic
 13765 | Lair:1   | Reached skill level 10 in Poison Magic
 13914 | Lair:1   | Noticed Erica
 13918 | Lair:1   | Killed Erica
 14253 | Lair:2   | Found a labyrinth entrance.
 14262 | Lab      | Entered a labyrinth
 16065 | Lab      | Noticed a minotaur
 16089 | Lab      | Killed a minotaur
 16089 | Lab      | Reached skill level 13 in Fire Magic
 16092 | Lab      | Got a warped short sword {elec}
 16113 | Lab      | Got a wavering amber ring
 16116 | Lab      | Identified the ring "Ryetim" {rF+ MR+ Dex+7} (You found it in a labyrinth)
 16121 | Lab      | Identified the +11 short sword of Order {elec, MR+ Dex+5} (You took it off a minotaur in a labyrinth)
 16363 | Lab      | Got a polished dagger
 16364 | Lab      | Identified the +8 dagger "Cosagal" {pain, *Drain rF+ Int+4} (You found it in a labyrinth)
 16947 | Lair:2   | Reached skill level 10 in Spellcasting
 17083 | Lair:2   | Reached XP level 13. HP: 33/96 MP: 11/27
 17650 | Lair:2   | Noticed an eight-headed hydra
 17661 | Lair:2   | Killed an eight-headed hydra
 18233 | Lair:3   | Found an opulent altar of Gozag.
 18236 | Lair:3   | Reached skill level 10 in Conjurations
 18236 | Lair:3   | Offered knowledge of Bolt of Fire by Vehumet.
 18455 | Lair:3   | Found a glowing silver altar of Zin.
 19006 | Lair:3   | Noticed Maud
 19115 | Lair:3   | Killed Maud
 19411 | Lair:2   | Learned a level 6 spell: Bolt of Fire
 19779 | Lair:3   | Reached skill level 14 in Fire Magic
 19872 | Lair:3   | Found a staircase to the Snake Pit.
 19902 | Lair:3   | Identified the Tome of Intoxication
 21263 | Lair:4   | Reached skill level 5 in Dodging
 21530 | Lair:4   | Gained mutation: You are agile. (Dex +2) [potion of beneficial mutation]
 21598 | Lair:4   | Reached skill level 5 in Fighting
 22159 | Lair:5   | Offered knowledge of Ozocubu's Refrigeration by Vehumet.
 22426 | Lair:5   | Gained mutation: Your tail ends in a poisonous barb. [Green Draconian growth]
 22426 | Lair:5   | Reached XP level 14. HP: 105/107 MP: 15/28
 23183 | Lair:6   | Found a staircase to the Swamp.
 24891 | Lair:8   | Entered Level 8 of the Lair of Beasts
 25435 | Lair:8   | Got a pair of pitted gloves
 25441 | Lair:8   | Identified the +2 pair of gloves of Ojiefooc {MR+} (You found it on level 8 of the Lair of Beasts)
 25967 | Lair:8   | Reached skill level 15 in Fire Magic
 26330 | Lair:8   | Offered knowledge of Bolt of Magma by Vehumet.
 26337 | Lair:8   | Learned a level 5 spell: Bolt of Magma
 26464 | Lair:8   | Reached skill level 1 in Shields
 27229 | Lair:8   | Found a runed door.
 27230 | Lair:8   | Found a viscous altar of Jiyva.
 27231 | Lair:8   | Noticed an acid blob
 27232 | Lair:8   | Found a staircase to the Slime Pits.
 27748 | D:11     | Found a staircase to the Orcish Mines.
 27960 | D:11     | Noticed a hill giant
 27963 | D:11     | Killed a hill giant
 27963 | D:11     | Reached skill level 5 in Shields
 28779 | D:11     | Reached XP level 15. HP: 113/121 MP: 17/30
 28840 | D:11     | Identified the Almanac of Attacks
 28871 | D:11     | Identified the Handbook of Vitriolic Arcane Weapons
 28955 | D:11     | Found a deep blue altar of Sif Muna.
 28963 | D:11     | Noticed an orc sorcerer
 28965 | D:11     | Killed an orc sorcerer
 29172 | D:11     | Noticed a vampire mage
 29184 | D:11     | Noticed an orc sorcerer
 29189 | D:11     | Killed a vampire mage
 29206 | D:11     | Killed an orc sorcerer
 29464 | D:11     | Identified Cioqizal's Disquisition on Attacks and the Compass
 29501 | D:11     | Noticed a deep elf sorcerer
 29505 | D:11     | Noticed a deep elf sorcerer
 29508 | D:11     | Killed a deep elf sorcerer
 29509 | D:11     | Killed a deep elf sorcerer
 29579 | D:11     | Identified the Handbook of the Earthen Entourage
 29581 | D:11     | Identified Nibaf's Volume of Attacks and Boosts
 29658 | D:11     | Identified the Catalogue of the Entourage
 29660 | D:11     | Identified the Disquisition on Confrontation and Heat
 29691 | D:11     | Offered knowledge of Orb of Destruction by Vehumet.
 29741 | D:11     | Learned a level 7 spell: Orb of Destruction
 29879 | Orc:1    | Entered Level 1 of the Orcish Mines
 29879 | Orc:1    | Found Yxzemete's Gadget Shoppe.
 30153 | Orc:2    | Found a flagged portal.
 30162 | Bailey   | Entered a bailey
 30439 | Bailey   | Offered knowledge of Poison Arrow by Vehumet.
 30537 | Bailey   | Identified a scroll of acquirement
 31862 | Orc:1    | Reached skill level 1 in Evocations
 32109 | Orc:3    | Found Joadooli's General Store.
 32242 | Orc:3    | Offered knowledge of Ozocubu's Refrigeration by Vehumet.
 32749 | Orc:3    | Found a staircase to the Elven Halls.
 32913 | Orc:4    | Entered Level 4 of the Orcish Mines
 33223 | Orc:4    | Found Kirocet's Book Emporium.
 33226 | Orc:4    | Found Xolluadousch's Assorted Antiques.
 33507 | Orc:4    | Found a roughly hewn altar of Beogh.
 33511 | Orc:4    | Reached skill level 5 in Evocations
 33821 | Orc:4    | Found Tyun's Antique Armour Emporium.
 33822 | Orc:4    | Found Etian's Gadget Shop.
 34760 | D:12     | Found Awkuc's Food Boutique.
 34815 | D:12     | Found Suulio's Armour Boutique.
 34931 | D:12     | Found Deog's Distillery.
 35288 | D:13     | Offered knowledge of Lehudib's Crystal Spear by Vehumet.
 35288 | D:13     | Offered knowledge of Fire Storm by Vehumet.
 35288 | D:13     | Offered knowledge of Chain Lightning by Vehumet.
 35894 | D:13     | Noticed Nessos
 35900 | D:13     | Killed Nessos
 36396 | D:14     | Identified a +1 rod of shadows (11/11) (You took it off an orc wizard on level 12 of the Dungeon)
 37136 | D:14     | Reached XP level 16. HP: 90/128 MP: 7/31
 37555 | D:14     | Reached skill level 10 in Evocations
 38512 | D:14     | Noticed Rupert
 38525 | D:14     | Killed Rupert
 39071 | D:14     | HP: 6/128 [ball lightning (26)]
 40188 | D:14     | Gained mutation: Scrolls take you a little longer to read. [a shining eye]
 40309 | D:14     | Found a gate to the Vaults.
 40431 | D:15     | Entered Level 15 of the Dungeon
 41194 | D:15     | Found a staircase to the Depths.
 41286 | D:15     | Gained mutation: You have sharp fingernails. [mutagenic meat]
 41287 | D:15     | Gained mutation: You tend to lose your temper in combat. [mutagenic meat]
 41288 | D:15     | Gained mutation: Your flesh is heat resistant. [mutagenic meat]
 41607 | D:15     | Gained mutation: You have a pair of small horns on your head. [potion of mutation]
 41607 | D:15     | Gained mutation: You are somewhat resistant to further mutation. [potion of mutation]
 42095 | Orc:4    | Bought a large glass ring for 120 gold pieces
 42360 | Elf:1    | Entered Level 1 of the Elven Halls
 43417 | Elf:1    | Found a gateway to a bazaar.
 43438 | Bazaar   | Entered a bazaar
 43440 | Bazaar   | Found Guvesur's Book Boutique.
 43444 | Bazaar   | Found Woptof's Book Boutique.
 43444 | Bazaar   | Found Fytoj's Weapon Boutique.
 43444 | Bazaar   | Found Acsun's Antique Weapon Boutique.
 43471 | Bazaar   | Bought a book of Fire for 585 gold pieces
 43481 | Bazaar   | Learned a level 7 spell: Ring of Flames
 43621 | Elf:1    | Found Rarudd's Antique Weapon Boutique.
 43637 | Elf:1    | Reached skill level 1 in Charms
 44221 | Elf:2    | Found a runed gate.
 44221 | Elf:2    | Found a runed gate.
 44427 | Elf:2    | Reached skill level 16 in Fire Magic
 44528 | Elf:2    | Reached XP level 17. HP: 134/134 MP: 33/33
 45090 | Elf:2    | Found a runed gate.
 45547 | Elf:3    | Entered Level 3 of the Elven Halls
 45681 | Elf:3    | Noticed Wiglaf
 45698 | Elf:3    | Killed Wiglaf
 46634 | Elf:3    | Noticed Nikola
 46649 | Elf:3    | Killed Nikola
 46649 | Elf:3    | Reached skill level 5 in Charms
 49216 | Elf:3    | Reached XP level 18. HP: 138/141 MP: 16/35
 49347 | Elf:3    | Noticed Aizul
 49356 | Elf:3    | Killed Aizul
 50248 | Elf:3    | Identified the Grimoire of the Slorg
 50891 | Elf:3    | Identified a +8 rod of the swarm (9/9) (You took it off a deep elf annihilator on level 3 of the Elven Halls)
 51159 | Snake:1  | Entered Level 1 of the Snake Pit
 51433 | Lair:1   | Learned a level 5 spell: Fireball
 51498 | Snake:1  | Noticed Asterion
 52134 | Snake:1  | Noticed Agnes
 52140 | Snake:1  | Killed Agnes
 53015 | Snake:2  | Reached skill level 17 in Fire Magic
 54547 | Snake:3  | Noticed Jorgrun
 54555 | Snake:3  | Killed Jorgrun
 54557 | Snake:3  | Got a pair of translucent gloves
 54702 | Snake:3  | Identified the +1 pair of gloves of Jigsaw {rC+} (You found it on level 3 of the Snake Pit)
 54926 | Snake:3  | Found a deep blue altar of Sif Muna.
 55227 | Snake:4  | Entered Level 4 of the Snake Pit
 55327 | Snake:4  | Found a flickering gateway to a bazaar.
 55345 | Bazaar   | Entered a bazaar
 55397 | Bazaar   | Found Zukkagge's Armour Shoppe.
 55397 | Bazaar   | Found Idghaxow's Assorted Antiques.
 55490 | Bazaar   | Found Kuzinag's Weapon Shoppe.
 55490 | Bazaar   | Found Ihaov's Weapon Emporium.
 55514 | Bazaar   | Found Uproextu's Jewellery Emporium.
 55522 | Bazaar   | Bought the amulet of Vitality {Regen+ HP+15} for 444 gold pieces
 56190 | Snake:4  | Noticed Vashnia
 56511 | Lair:1   | Learned a level 9 spell: Fire Storm
 56678 | Snake:4  | Killed Vashnia
 57028 | Snake:3  | Reached XP level 19. HP: 115/147 MP: 29/37
 57638 | Snake:4  | Reached skill level 15 in Spellcasting
 58036 | Snake:4  | Noticed Donald
 58041 | Snake:4  | Killed Donald
 59923 | Snake:4  | Reached skill level 15 in Conjurations
 61285 | Snake:4  | Got a serpentine rune of Zot
 61382 | Snake:4  | Reached skill level 18 in Fire Magic
 61629 | Lair:3   | Killed Asterion
 62079 | Vaults:1 | Entered Level 1 of the Vaults
 62562 | Vaults:1 | Found Govuixzidy's Antique Armour Shop.
 63191 | Vaults:1 | Reached XP level 20. HP: 155/155 MP: 31/40
 64551 | Vaults:2 | Noticed Boris
 64561 | Vaults:2 | Killed Boris
 65823 | Vaults:2 | Noticed Norris
 65928 | Vaults:2 | Killed Norris
 66247 | Vaults:2 | Noticed Louise
 66456 | Vaults:2 | Killed Louise
 67522 | Vaults:2 | Noticed Margery
 67545 | Vaults:2 | Killed Margery
 68413 | Vaults:2 | Noticed emiel's ghost (mighty OgBe)
 69130 | Vaults:2 | Reached XP level 21. HP: 161/161 MP: 43/43
 69538 | Vaults:3 | Reached skill level 19 in Fire Magic
 71077 | Vaults:3 | Found a portal to a secret trove of treasure.
 71139 | Vaults:3 | Found Yppafi's Armour Emporium.
 71629 | Vaults:3 | Found a staircase to the Crypt.
 71962 | Vaults:4 | Noticed Raurakos's ghost (mighty HOGl)
 73707 | Vaults:4 | Killed Raurakos's ghost
 75049 | Vaults:4 | Reached XP level 22. HP: 168/168 MP: 45/45
 75897 | Lair:8   | Killed an acid blob
 76208 | Lair:1   | Learned a level 6 spell: Deflect Missiles
 76880 | Slime:1  | Entered Level 1 of the Pits of Slime
 77516 | Lair:8   | Reached skill level 20 in Fire Magic
 78265 | Slime:4  | Gained mutation: You heal slowly when monsters are visible. [a shining eye]
 78290 | Slime:3  | HP: 5/168 [azure jelly (22)]
 78290 | Slime:3  | Slain by an azure jelly

Vault maps used:
D:1:      tarquinn_simple_flora_water_b
D:2:      grunt_temple_overflow_open, uniq_crazy_yiuf_cottage, uniq_sigmund
D:4:      okawaru_metal_pillars_1_2, first_bread, kennysheep_generic_room_12
D:5:      uniq_duvessa
D:6:      gammafunk_temple_overflow_elements
D:7:      nicolae_overflow_hidden_temple, minmay_temple_entry_glassed_door,
          serial_shops, kennysheep_mini
D:8:      uniq_maurice
D:9:      lemuel_round_altar, lair_0_dummy
D:10:     david_nohive_1
D:11:     evilmike_library_of_no_secrets, orc_0_dummy,
          portal_ice_cave_entry_imps
D:12:     serial_shops, nicolae_shop_trees, shop, shop
D:13:     spider_trap, serial_bayou_pond_c, wad_mini_maze, uniq_nessos
D:14:     minmay_triangles_in_corner, david_vaults_4, roderic_lattice_a,
          aerie_lemuel, uniq_rupert
D:15:     grunt_enter_depths_hoard
Temple:   zaba_magenta_temple_12
Lair:1:   uniq_erica
Lair:2:   lab_entry_generic, wad_woods_04, grunt_megastairs_3
Lair:3:   beast_lair_carwin_large_2, minmay_snake_entry_guardpost_medium,
          basic_altar, lemuel_oklob_altar, uniq_maud
Lair:4:   statuecave_lemuel, infiniplex_staircase_pool_2
Lair:6:   minmay_swamp_entry_reptiles
Lair:8:   minmay_lair_end_frog_pond, slime_altar_2
Snake:1:  uniq_agnes, uniq_asterion
Snake:2:  nicolae_sea_snake_s, spider_trap, nicolae_snake_lava_pool
Snake:3:  basic_altar, nicolae_snake_biting_tails, uniq_jorgrun
Snake:4:  grunt_snake_rune_serpentine_throne, serial_shops, bzr_entry_dummy,
          serial_bayou_shore_a, uniq_vashnia, uniq_donald
Slime:1:  cheibrodos_slime_lost_civilization_5
Slime:3:  nicolae_slime_round_cave
Orc:1:    serial_shops, nicolae_shop_trees
Orc:2:    enter_bailey_2
Orc:3:    serial_shops, shop, nicolae_orc_pool_cavern, minmay_orc_keep
Orc:4:    st_orc_town
Elf:1:    minmay_elf_arrival_summoners, serial_shops, statue_bzr,
          nicolae_shop_crystal, kennysheep_underground_church
Elf:2:    minivault_23
Elf:3:    nooodl_elf_gasket, uniq_wiglaf, uniq_nikola, uniq_aizul
Vaults:1: vaults_room_grid, v_pattern_1, hangedman_vaults_corner_blocks,
          v_misc_29, ontoclasm_vaults_shuriken, hangedman_vaults_restitches,
          vaults_room_door_ring, serial_shops, nicolae_shop_window_shopping
Vaults:2: grunt_vaults_twisty, grunt_vaults_swirl, hangedman_vaults_stitches,
          nicolae_vaults_little_squares_2, v_misc_25, vaults_room_semicircle,
          grunt_vaults_focal, hangedman_vaults_slice, hangedman_vaults_slice,
          nicolae_vaults_little_squares_4, metal_show,
          nicolae_vaults_angled_halls, ontoclasm_vaults_gallery, uniq_boris
Vaults:3: hangedman_vaults_slice, v_misc_30, ontoclasm_vaults_eye,
          vaults_mumra_minichess_inversion, vaults_room_grunt_arrival_ludios,
          nicolae_vaults_little_ls, v_pattern_3, minmay_crypt_entry_simple_box,
          hangedman_vaults_corner_blocks, ontoclasm_vaults_loading_screen,
          nicolae_vaults_little_squares_4, enter_trove_6, serial_shops,
          nicolae_shop_statue_plus
Vaults:4: v_misc_1, nicolae_vaults_ring_of_whatevers, v_misc_5,
          nicolae_vaults_quartermaster, vaults_room_hallway,
          nicolae_vaults_mini_display_case, v_misc_11,
          nicolae_vaults_angled_halls, hangedman_vaults_maws, v_misc_16,
          nicolae_vaults_sealed_display, serial_ice_b, v_misc_8,
          vaults_room_pool
Lab:      lab_fountain, nicolae_lab_do_over, nicolae_lab_quarters
Bazaar:   bazaar_minmay_cross, bazaar_short_row
Bailey:   bailey_polearm_5, bailey
IceCv:    ice_cave_caverns_01

Action                   |  1- 3 |  4- 6 |  7- 9 | 10-12 | 13-15 | 16-18 | 19-21 | 22-24 || total
-------------------------+-------+-------+-------+-------+-------+-------+-------+-------++-------
Melee: Unarmed           |    52 |       |       |       |       |       |       |       ||    52
       Whip              |    54 |       |       |       |       |       |       |       ||    54
       Quarterstaff      |       |    58 |   172 |   116 |       |       |       |       ||   346
       Staff             |       |       |       |    14 |   216 |    95 |    40 |     1 ||   366
       Short sword       |       |       |       |     9 |   249 |     5 |       |       ||   263
 Cast: Flame Tongue      |    28 |    63 |   204 |   437 |   200 |     3 |       |       ||   935
       Ignite Poison     |       |       |     8 |    31 |   101 |    89 |    10 |     1 ||   240
       Olgreb's Toxic Ra |       |       |     2 |    27 |    78 |    30 |       |       ||   137
       Sticky Flame      |       |       |     1 |    30 |    53 |    47 |    18 |     1 ||   150
       Mephitic Cloud    |       |       |       |     5 |       |       |       |       ||     5
       Poisonous Cloud   |       |       |       |     6 |    39 |    59 |    13 |       ||   117
       Bolt of Fire      |       |       |       |       |    84 |       |       |       ||    84
       Bolt of Magma     |       |       |       |       |   191 |   493 |   283 |    51 ||  1018
       Orb of Destructio |       |       |       |       |    13 |    35 |    72 |     3 ||   123
       Fireball          |       |       |       |       |       |   120 |   778 |    97 ||   995
       Ring of Flames    |       |       |       |       |       |     2 |     2 |     1 ||     5
       Fire Storm        |       |       |       |       |       |       |     6 |     7 ||    13
       Deflect Missiles  |       |       |       |       |       |       |       |     2 ||     2
 Abil: Breathe Noxious F |       |       |    10 |    13 |     3 |    11 |    16 |     1 ||    54
       Evoke Teleportati |       |       |       |       |     1 |     1 |     1 |     1 ||     4
       Evoke Flight      |       |       |       |       |       |       |       |     2 ||     2
Evoke: Wand              |       |     3 |       |     4 |     4 |    13 |       |       ||    24
       Box of beasts     |       |       |       |       |       |     6 |     4 |       ||    10
       Phial of floods   |       |       |       |       |       |     3 |       |       ||     3
       Rod               |       |       |       |       |       |     3 |       |       ||     3
  Use: Scroll            |       |       |    23 |    11 |    20 |    17 |     1 |     2 ||    74
       Potion            |       |       |       |     9 |     7 |     6 |     2 |       ||    24
 Stab: Sleeping          |     1 |     2 |     3 |     1 |     4 |       |       |       ||    11
       Distracted        |       |     1 |       |       |     1 |     2 |       |       ||     4
       Petrified         |       |       |     1 |       |       |       |       |       ||     1
       Paralysed         |       |       |     2 |       |       |       |       |       ||     2
       Confused          |       |       |       |       |       |       |     1 |       ||     1
  Eat: Chunk             |     2 |     6 |    16 |    14 |   144 |   103 |    52 |       ||   337
       Fruit             |       |       |     2 |     1 |     1 |     3 |     1 |       ||     8
       Pizza             |       |       |     1 |     1 |     2 |     4 |     2 |       ||    10
       Meat ration       |       |       |       |     3 |     1 |     7 |     9 |       ||    20
       Royal jelly       |       |       |       |     3 |     1 |     1 |     3 |       ||     8
       Beef jerky        |       |       |       |       |     1 |     3 |     3 |       ||     7
       Bread ration      |       |       |       |       |       |     3 |       |     3 ||     6
